 Dungeon Crawl Stone Soup version 0.24.0-125-gc4c63601f3 (webtiles) character file.

Game seed: 1885172221197475186, levelgen mode: deterministic

18307 Dustman the Fighter (level 12, 0/101 HPs)
             Began as a Human Monk on Mar 8, 2020.
             Was an Initiate of Gozag.
             Slain by a freezing wraith (2 damage)
             ... in an ice cave.
             The game lasted 02:21:29 (14560 turns).

Dustman the Fighter (Human Monk)                   Turns: 14560, Time: 02:21:29

Health: 0/101      AC: 15    Str: 14    XL:     12   Next: 93%
Magic:  18/18      EV: 12    Int: 18    God:    Gozag
Gold:   174        SH:  8    Dex: 14    Spells: 17/20 levels left

rFire    + + .     SeeInvis .   h - +2 long sword (slice)
rCold    + + .     Gourm    .   v - +1 buckler
rNeg     . . .     Faith    .   i - +0 scale mail
rPois    +         Spirit   .   A - +0 helmet
rElec    +         Reflect  +   t - +2 cloak {MR+}
rCorr    +         Harm     .   u - +1 pair of gloves "Doqiad" {Int+3}
MR       +....                  y - +0 pair of boots
Stlth    +.........             b - +2 amulet of reflection
HPRegen  0.26/turn              m - ring of poison resistance
MPRegen  0.16/turn              e - ring of protection from cold

@: resistant, gold aura, slowed, very slow
A: clumsy 1, fire resistance 1, strong 1
a: Potion Petition, Call Merchant, Bribe Branch, Renounce Religion


You were in an ice cave.
You worshipped Gozag.
Gozag was aware of your devotion.
You were not hungry.

You visited 2 branches of the dungeon, and saw 14 of its levels.
You also visited: Ice Cave.

You collected 2953 gold pieces.
You spent 90 gold pieces at shops.
You paid 2689 gold pieces to Gozag.

Inventory:

Hand Weapons
 h - a +2 long sword of slicing (weapon)
 s - a -2 double sword
Armour
 i - a +0 scale mail (worn)
 t - a +2 cloak of magic resistance (worn)
 u - the +1 pair of gloves "Doqiad" (worn) {Int+3}
   (You found it on level 9 of the Dungeon)

   It affects your intelligence (+3).
 v - a +1 buckler (worn)
 y - a +0 pair of boots (worn)
 A - a +0 helmet (worn)
Jewellery
 b - a +2 amulet of reflection (around neck)
 e - a ring of protection from cold (right hand)
 m - a ring of poison resistance (left hand)
 r - an uncursed ring of resist corrosion
 z - an uncursed ring of stealth
Wands
 d - a wand of iceblast (7)
 x - a wand of flame (41)
Scrolls
 f - 7 scrolls of remove curse
 j - 2 scrolls of enchant armour
 k - 11 scrolls of amnesia
 l - a scroll of fog
 n - 3 scrolls of magic mapping
 D - a scroll of immolation
Potions
 a - a potion of brilliance
 g - 2 potions of flight
 p - 4 potions of mutation
 C - 2 potions of magic
Comestibles
 c - 9 rations


   Skills:
 + Level 11.7 Fighting
 + Level 11.7 Long Blades
 + Level 5.4 Armour
 + Level 5.4 Dodging
 - Level 4.2 Stealth
 - Level 4.0 Shields
 - Level 4.5 Spellcasting
 - Level 5.0 Necromancy
 - Level 4.0 Evocations


You had 17 spell levels left.
You knew the following spells:

 Your Spells              Type           Power        Failure   Level  Hunger
b - Regeneration          Chrm/Necr      ##........   50%         3    ###....

Your spell library contained the following spells:

 Spells                   Type           Power        Failure   Level  Hunger
 Animate Skeleton         Necr           N/A          7%          1    None
 Pain                     Necr           ###.         7%          1    None
 Vampiric Draining        Necr           ###.......   21%         3    ###....
 Beastly Appendage        Tmut           #.....       47%         1    None
 Animate Dead             Necr           N/A          56%         4    ####...
 Sticks to Snakes         Tmut           #.......     63%         2    #......
 Spider Form              Tmut/Pois      #.........   85%         3    ###....
 Ice Form                 Ice/Tmut       #.......     99%         4    ####...
 Blade Hands              Tmut           #.........   100%        5    ######.


Dungeon Overview and Level Annotations

Branches:
Dungeon (12/15)            Temple (0/1) D:5            Lair (2/6) D:10
 Shoals (0/4) Lair:2          Orc (0/2) D:11          IceCv (1/1)
  Snake: Lair:2-4    Spider: Lair:2-4

Altars:
Elyvilon
Gozag
Kikubaaqudgha
Ru
Trog
Vehumet
Xom
Zin
Beogh

Shops:
D:6 *   D:8 (   D:10 =

Annotations:
D:2 Sigmund
D:5 Dowan, Edmund
D:7 2 transporters, Nahar's ghost, novice MiBe
D:8 2 transporters, Harold; MisterT's ghost, novice HOFi


Innate Abilities, Weirdness & Mutations

You are clumsy. (Dex -2)
Your flesh is heat resistant. (rF+)
Your muscles are strong. (Str +2)


Message History

The freezing wraith is lightly damaged.
Your soldier ant barely misses the freezing wraith.
The freezing wraith hits you.
* * * LOW HITPOINT WARNING * * *
The freezing wraith freezes you. You resist.
* * * LOW HITPOINT WARNING * * *
The freezing wraith barely misses you.
Okay, then.
Okay, then.
Evoke which item? (* to show all) (? for menu, Esc to quit)
Aiming: Throw Flame
Press: ? - help, Shift-Dir - straight line, f - freezing wraith
Aim: a freezing wraith (lightly damaged) Really fire in your soldier ant's direction?
The puff of flame hits the freezing wraith but does no damage.
The freezing wraith is lightly damaged.
Your soldier ant stings the freezing wraith.
The freezing wraith hits you.
You die...
Your body crumbles into a pile of gold.

## #### .# ####
##..##
####..#####....##
.##....##.......#
....#.......∩.∩.#
...###..........#
.### ##..##...a##
## ######..#W##
.# #####@## ##
##.## # ##.##
##.## ##.## ##.#
###


You could see a freezing wraith and a friendly soldier ant.

Vanquished Creatures
  A two-headed ogre (D:9)
  A cyclops (D:11)
  A manticore (D:12)
  4 gargoyles (D:7)
  4 spiny frogs
  2 rime drakes (Lair:2)
  3 freezing wraiths (IceCv)
  2 wolf spider simulacra (IceCv)
  Prince Ribbit (D:8)
  2 hippogriffs
  A vampire (D:12)
  3 wyverns
  3 hogs (D:7)
  24 yaks
  A human (D:7)
  Grum (D:8)
  3 hungry ghosts
  An acid dragon (D:10)
  3 water moccasins
  8 bullfrogs
  2 sky beasts (D:8)
  2 porcupines
  11 ice beasts
  An orc warrior (D:11)
  2 eyes of draining (D:8)
  2 phantoms
  A black bear (D:7)
  7 ogres
  7 centaurs
  9 wolves
  3 crocodiles
  2 big kobolds (D:7)
  3 scorpions
  14 killer bees
  6 crimson imps
  2 quasits
  A bullfrog zombie (D:10)
  3 hounds
  2 bullfrog skeletons
  3 jellies
  2 centaur zombies
  9 orc priests
  4 orc wizards
  A centaur skeleton (D:10)
  3 iguanas
  2 polar bear simulacra (IceCv)
  7 worker ants
  A hound zombie (D:11)
  2 worker ant zombies (D:5)
  5 adders
  4 shadow imps
  5 white imps (IceCv)
  An ooze (D:1)
  An adder skeleton (D:8)
  2 adder zombies
  A dart slug (D:4)
  6 leopard geckos
  45 orcs
  3 giant cockroaches
  6 hobgoblins
  5 jackals
  6 quokkas
  A ball python skeleton (D:4)
  4 bats
  3 frilled lizards
  3 goblins
  13 kobolds
  A leopard gecko zombie (D:8)
  5 rats
303 creatures vanquished.

Vanquished Creatures (collateral kills)
  An ogre (D:6)
1 creature vanquished.

Vanquished Creatures (others)
  A human (D:5)
  A hound (D:6)
  An adder (D:2)
  2 fungi
5 creatures vanquished.

Grand Total: 309 creatures vanquished

Notes
Turn   | Place    | Note
-------+----------+-------------------------------------------
     0 | D:1      | Dustman the Human Monk began the quest for the Orb.
     0 | D:1      | Reached XP level 1. HP: 18/18 MP: 1/1
   190 | D:1      | Reached XP level 2. HP: 24/24 MP: 2/2
   347 | D:2      | Noticed Sigmund
   513 | D:2      | Reached XP level 3. HP: 22/29 MP: 3/3
   669 | D:3      | Found a glowing silver altar of Zin.
   754 | D:2      | Found an opulent altar of Gozag.
   754 | D:2      | Found a radiant altar of Vehumet.
   763 | D:2      | Became a worshipper of Gozag Ym Sagoz the Greedy
  1132 | D:3      | Reached XP level 4. HP: 28/37 MP: 4/4
  1333 | D:4      | Reached skill level 1 in Shields
  1333 | D:4      | Reached XP level 5. HP: 20/42 MP: 5/5
  1832 | D:4      | Reached XP level 6. HP: 37/49 MP: 6/6
  1914 | D:5      | Entered Level 5 of the Dungeon
  1940 | D:5      | Found an ancient bone altar of Kikubaaqudgha.
  2230 | D:6      | Noticed an orc warrior
  2310 | D:5      | Reached skill level 5 in Fighting
  2310 | D:5      | Reached skill level 5 in Long Blades
  2310 | D:5      | Reached XP level 7. HP: 43/56 MP: 7/7
  2319 | D:5      | Noticed Edmund
  2443 | D:5      | Found an ancient bone altar of Kikubaaqudgha.
  2443 | D:5      | Noticed a human
  2446 | D:5      | Killed a human
  2531 | D:5      | Found a staircase to the Ecumenical Temple.
  2874 | D:5      | Noticed Dowan
  2916 | D:6      | Found a sacrificial altar of Ru.
  3145 | D:6      | Gained mutation: You are clumsy. (Dex -2) [potion of
                  | mutation]
  3145 | D:6      | Gained mutation: Your muscles are strong. (Str +2) [potion
                  | of mutation]
  3145 | D:6      | Gained mutation: Your flesh is heat resistant. (rF+)
                  | [potion of mutation]
  3167 | D:6      | Reached XP level 8. HP: 12/64 MP: 8/8
  3713 | D:6      | Found a shimmering altar of Xom.
  3814 | D:7      | Reached skill level 1 in Evocations
  3838 | D:7      | Noticed a hog
  3838 | D:7      | Noticed a hog
  3838 | D:7      | Noticed a yak
  3838 | D:7      | Noticed a hog
  3838 | D:7      | Noticed a human
  3847 | D:7      | Killed a yak
  3847 | D:7      | Killed a hog
  3847 | D:7      | Killed a hog
  3847 | D:7      | Killed a hog
  3847 | D:7      | Reached XP level 9. HP: 49/72 MP: 8/11
  3928 | D:7      | Found a transporter.
  3948 | D:7      | Found a transporter.
  3948 | D:7      | Noticed Nahar's ghost (novice MiBe)
  4246 | D:7      | Noticed a gargoyle
  4251 | D:7      | Killed a gargoyle
  4251 | D:7      | Reached skill level 1 in Armour
  4847 | D:6      | Reached XP level 10. HP: 64/80 MP: 13/13
  5187 | D:8      | Noticed Harold
  5319 | D:6      | Found Ackahif's General Store.
  5405 | D:7      | Noticed a gargoyle
  5434 | D:7      | Killed a gargoyle
  5442 | D:7      | Noticed a gargoyle
  5453 | D:7      | Killed a gargoyle
  5456 | D:7      | Noticed a gargoyle
  5469 | D:7      | Killed a gargoyle
  5980 | D:8      | Noticed Grum
  6347 | D:8      | Noticed Prince Ribbit
  7094 | D:10     | Entered Level 10 of the Dungeon
  7108 | D:10     | Found a staircase to the Lair.
  7116 | Lair:1   | Entered Level 1 of the Lair of Beasts
  7120 | Lair:1   | Noticed a spiny frog
  7143 | Lair:1   | Noticed a spiny frog
  7374 | D:10     | Reached XP level 11. HP: 46/90 MP: 14/14
  7742 | D:10     | Reached skill level 10 in Fighting
  7742 | D:10     | Reached skill level 10 in Long Blades
  8003 | D:9      | Learned a level 1 spell: Animate Skeleton
  8202 | D:9      | Found a white marble altar of Elyvilon.
  8312 | D:9      | Got a pair of transparent gloves
  8414 | D:9      | Noticed a six-headed hydra
  8422 | D:9      | Noticed a two-headed ogre
  8607 | D:9      | Identified the +1 pair of gloves "Doqiad" {Int+3} (You
                  | found it on level 9 of the Dungeon)
  8618 | D:10     | Reached skill level 1 in Spellcasting
  8618 | D:10     | Reached skill level 1 in Necromancy
  8652 | D:10     | Found Yxtox's Jewellery Shop.
  8665 | D:10     | Bought a +2 amulet of reflection for 90 gold pieces
  8880 | D:11     | Noticed a cyclops
  9443 | D:9      | Killed a two-headed ogre
  9675 | D:8      | Killed Grum
 10470 | D:11     | Reached XP level 12. HP: 63/99 MP: 17/17
 11126 | D:10     | Learned a level 3 spell: Regeneration
 11271 | D:11     | Found a roughly hewn altar of Beogh.
 11271 | D:11     | Found a staircase to the Orcish Mines.
 11645 | D:8      | Found a bloodstained altar of Trog.
 11725 | D:8      | Found a transporter.
 11726 | D:8      | Found a transporter.
 11726 | D:8      | Noticed MisterT's ghost (novice HOFi)
 11828 | D:8      | Killed Prince Ribbit
 11828 | D:8      | Reached skill level 5 in Necromancy
 13423 | Lair:2   | Found a staircase to the Shoals.
 13450 | Lair:2   | Noticed a six-headed hydra
 13565 | Lair:2   | Found a frozen archway.
 13598 | Lair:2   | Reached skill level 5 in Armour
 13598 | Lair:2   | Reached skill level 5 in Dodging
 13635 | IceCv    | Entered an ice cave
 14151 | IceCv    | HP: 5/101 [freezing wraith (5)]
 14559 | IceCv    | HP: 1/101 [freezing wraith (6)]
 14560 | IceCv    | Slain by a freezing wraith

Levels and vault maps discovered:
D:1:      dpeg_arrival_circle_labyrinth_c, layout_loops_ring
D:2:      layout_rooms, nicolae_overflow_hidden_temple, first_ration,
          nrook_mini_backslash, uniq_sigmund
D:3:      layout_basic, nicolae_overflow_crystal_walls, serial_bayou_lagoon_a,
          minmay_misc_feat_four_crosses
D:4:      layout_gridville, nrook_campfire
D:5:      layout_cave_pods, kiku_gazebo_pond_becter, temple_green,
          tgw_kikubaaqudgha, uniq_edmund, uniq_duvessa
D:6:      layout_rooms, xom_butterflies, marbit_many_paths, serial_rivers,
          chequers_serial_rivers_large_a, chequers_serial_rivers_micro_a,
          chequers_serial_rivers_room_a, chequers_serial_rivers_room_a,
          chequers_serial_rivers_small_a, serial_shops, nicolae_shop_waterfront,
          kennysheep_generic_room_16
D:7:      cheibrodos_statue_roulette, layout_loops_corners,
          gammafunk_ghost_mausoleum, grunt_livestock
D:8:      layout_loops_ring, trog_eyes_of_draining, gammafunk_ghost_mausoleum,
          chequers_serial_rivers_room_b, uniq_grum, uniq_prince_ribbit1,
          uniq_harold
D:9:      layout_irregular_city, kennysheep_mini_moat, minmay_three_doors
D:10:     layout_long_grid, lair_entry_dummy, serial_shops, shop
D:11:     layout_loops_cross, david_orc_5
D:12:     layout_irregular_city
Lair:1:   layout_regular_city, roderic_batcave, uniq_gastronok
Lair:2:   layout_roguey, shoals_dummy_entry, portal_ice_cave_rime, uniq_erica
IceCv:    ice_cave_small_necro

Skill      XL: |  1  2  3  4  5  6  7  8  9 10 11 12 |
---------------+-------------------------------------+-----
Fighting       | 4 5 6 7 8 9 10 11 | 11.7
Long Blades    | 4 5 6 7 8 9 10 11 | 11.7
Shields        | 1 2 3 4 |  4.0
Evocations     | 3 4 |  4.0
Armour         | 2 4 5 |  5.4
Stealth        | 3 4 |  4.2
Dodging        | 4 5 |  5.4
Spellcasting   | 3 4 |  4.5
Necromancy     | 4 5 |  5.0

Action                   |  1- 3 |  4- 6 |  7- 9 | 10-12 || total
-------------------------+-------+-------+-------+-------++-------
Melee: Falchion          |    92 |   187 |   312 |   545 ||  1136
       Long sword        |       |       |       |   840 ||   840
 Cast: Regeneration      |       |       |       |     2 ||     2
Invok: Potion Petition   |       |       |       |     7 ||     7
       Call Merchant     |       |       |       |     1 ||     1
Evoke: Wand              |     1 |     1 |    22 |    30 ||    54
       Sack of spiders   |       |       |       |     6 ||     6
  Use: Potion            |     1 |     1 |     9 |    14 ||    25
       Scroll            |       |    10 |     1 |    12 ||    23
 Stab: Sleeping          |     2 |     3 |       |     9 ||    14
       Distracted        |       |       |     1 |     7 ||     8
       Invisible         |       |       |       |     2 ||     2
  Eat: Ration            |       |     2 |     2 |    15 ||    19
Armor: Leather armour    |    18 |    45 |    54 |     3 ||   120
       Ring mail         |       |       |       |   206 ||   206
       Scale mail        |       |       |       |   168 ||   168
Dodge: Dodged            |    55 |    99 |   151 |   515 ||   820
Block: Buckler           |       |    36 |    79 |   376 ||   491
       Reflection        |       |       |       |     6 ||     6
       Rpst.: Falchion   |    17 |    26 |    39 |    48 ||   130
       Long sword        |       |       |       |    91 ||    91
